 Dungeon Crawl Stone Soup version 0.21.1-1-g345015fe64 (webtiles) character file.

940 KleinerIrrer the Sneak (level 8, -2/63 HPs)
             Began as a Gnoll Wanderer on Mar 17, 2018.
             Was a Priest of Trog.
             Slain by an orc warrior
             ... wielding a cursed -1 halberd
              (15 damage)
             ... on level 7 of the Dungeon.
             The game lasted 00:15:36 (4087 turns).

KleinerIrrer the Sneak (Gnoll Wanderer)             Turns: 4087, Time: 00:15:36

Health: -2/63      AC: 10    Str: 11    XL:     8   Next: 12%
Magic:  12/12      EV: 11    Int: 17    God:    Trog [***...]
Gold:   112        SH:  0    Dex: 18    Spells: 12/12 levels left

rFire    . . .     SeeInvis +   x - +2 scythe (freeze)
rCold    . . .     Gourm    .   (shield currently unavailable)
rNeg     . . .     Faith    .   B - +0 scale mail of Dogmatism {*Contam +Inv MR+++ SInv} (curse)
rPois    .         Spirit   .   (no helmet)
rElec    .         Reflect  .   r - +1 cloak
rCorr    .         Harm     .   o - +0 pair of gloves
MR       ++++.                  (no boots)
Stlth    ++........             (no amulet)
HPRegen  0.20/turn              i - ring of protection from magic
MPRegen  0.13/turn              (no ring)

@: no status effects
A: distributed training, fangs 1, strong nose
a: Berserk, Trog's Hand, Burn Spellbooks, Renounce Religion, Evoke Invisibility


You were on level 7 of the Dungeon.
You worshipped Trog.
Trog was most pleased with you.
You were not hungry.

You visited 1 branch of the dungeon, and saw 5 of its levels.
You also visited: Sewer.

You collected 112 gold pieces.

Inventory:

Hand Weapons
 a - a +3 spear
 d - a +0 dagger
 u - a +2 whip of venom
 v - a +1 whip of holy wrath
 x - a +2 scythe of freezing (weapon)
 C - a +1 flail of draining
Missiles
 c - 11 poisoned needles
 y - a throwing net (quivered)
Armour
 o - a +0 pair of gloves (worn)
 q - a +0 scale mail
 r - a +1 cloak (worn)
 w - the -3 pair of gloves of the Trombone {MR- MP+9 Str+8}
   (You found it on level 7 of the Dungeon)

   It affects your strength (+8).
   It affects your resistance to hostile enchantments.
   It affects your magic capacity (+9).
 B - the cursed +0 scale mail of Dogmatism (worn) {*Contam +Inv MR+++ SInv}
   (You found it on level 7 of the Dungeon)

   It affects your resistance to hostile enchantments.
   It lets you see invisible.
   It lets you turn invisible.
   It causes magical contamination when unequipped.
   It has a curse placed upon it.
Jewellery
 i - a ring of protection from magic (left hand)
Wands
 g - a wand of digging (10)
Scrolls
 j - a scroll of remove curse
 l - a scroll of enchant weapon
 m - 2 scrolls of identify
 p - 2 scrolls of teleportation
 t - a scroll of magic mapping {unknown}
Potions
 b - 3 potions of curing
 e - 4 potions of brilliance {unknown}
 h - a potion of lignification {unknown}
 k - 6 potions of heal wounds {unknown}
 n - a potion of experience {unknown}
 s - a potion of magic {unknown}
 z - a potion of mutation {unknown}
 A - a potion of degeneration {unknown}
Comestibles
 f - 9 rations


   Skills:
 + Level 5.4 Fighting
 + Level 2.9 Short Blades
 + Level 2.9 Long Blades
 + Level 2.9 Axes
 + Level 2.9 Maces & Flails
 + Level 3.9 Polearms
 + Level 3.9 Staves
 + Level 2.9 Slings
 + Level 2.9 Bows
 + Level 2.9 Crossbows
 + Level 2.9 Throwing
 + Level 2.9 Armour
 + Level 5.4 Dodging
 + Level 6.7 Stealth
 + Level 2.9 Shields
 + Level 2.9 Unarmed Combat
 + Level 2.9 Spellcasting
 + Level 2.3 Conjurations
 + Level 2.3 Hexes
 + Level 2.3 Charms
 + Level 2.3 Summonings
 + Level 2.3 Necromancy
 + Level 2.3 Translocations
 + Level 2.3 Transmutations
 + Level 2.3 Fire Magic
 + Level 2.3 Ice Magic
 + Level 2.3 Air Magic
 + Level 2.3 Earth Magic
 + Level 2.3 Poison Magic
 + Level 3.2 Invocations
 + Level 3.9 Evocations


You had 12 spell levels left.
You didn't know any spells.

Dungeon Overview and Level Annotations

Branches:
Dungeon (7/15)
 Temple: D:4-7

Altars:
Cheibriados
Elyvilon
Makhleb
Trog
Yredelemnul


Innate Abilities, Weirdness & Mutations

Your experience applies equally to all skills.
You have very sharp teeth.
Your uncanny sense of smell can sniff out nearby items.


Message History

You hit the orc warrior but do no damage.
The orc warrior is severely wounded.
The orc warrior hits you from afar with a halberd.
The orc warrior barely misses you.
You closely miss the giant cockroach. Your bite misses the giant cockroach.
The giant cockroach barely misses you. The giant cockroach bites you.
The orc priest looks braver for a moment.
The orc warrior closely misses you.
The giant cockroach bites you but does no damage.
You closely miss the crimson imp.
You bite the crimson imp, but do no damage.
The orc priest calls down the wrath of Beogh upon you.
Beogh smites you! The orc warrior barely misses you.
The crimson imp blinks!
The giant cockroach closely misses you.
The orc priest looks encouraged for a moment.
The orc warrior hits you from afar with a halberd!!
* * * LOW HITPOINT WARNING * * *
The giant cockroach closely misses you.
The orc warrior hits you from afar with a halberd!
You die...

#...............
#...............
#.............(.
#...............
#...............
#..............
#######.............
............#######
...........@#
...........s#
........)...oo....
...........5#a....
.........>..#.....
............# ####
############. .. ...


You could see an orc warrior, a worker ant, a crimson imp and a giant cockroach.

Vanquished Creatures
  Sigmund (D:3)
  An ogre (D:7)
  3 big kobolds (Sewer)
  A howler monkey (D:7)
  A crimson imp (D:7)
  A jelly (D:7)
  2 hounds
  3 orc wizards
  4 gnolls (D:3)
  7 adders
  A river rat (Sewer)
  5 oozes (Sewer)
  4 worms
  3 dart slugs
  2 leopard geckos
  6 orcs
  4 ball pythons
  7 bats
  7 giant cockroaches
  8 goblins
  6 hobgoblins
  7 jackals
  3 quokkas (D:2)
  3 frilled lizards
  8 kobolds
  15 rats
113 creatures vanquished.

Notes
Turn   | Place    | Note
-------+----------+-------------------------------------------
     0 | D:1      | KleinerIrrer the Gnoll Wanderer began the quest for the Orb.
     0 | D:1      | KleinerIrrer set off with: a +2 spear, 2 potions of curing, a +0 robe, a +0 dagger, a ration
     0 | D:1      | Reached XP level 1. HP: 20/20 MP: 2/2
    39 | D:1      | Reached XP level 2. HP: 26/26 MP: 3/3
   362 | D:1      | Reached XP level 3. HP: 27/31 MP: 4/4
   481 | D:2      | Found a faded altar of an unknown god.
   539 | D:2      | Became a worshipper of Trog the Wrathful
   539 | D:2      | Reached * piety under Trog
   576 | D:2      | Reached skill level 6 in Stealth
   595 | D:2      | Reached skill level 1 in Invocations
   610 | D:2      | Reached skill level 1 in Short Blades
   610 | D:2      | Reached skill level 1 in Long Blades
   610 | D:2      | Reached skill level 1 in Axes
   610 | D:2      | Reached skill level 1 in Maces & Flails
   610 | D:2      | Reached skill level 1 in Slings
   610 | D:2      | Reached skill level 1 in Bows
   610 | D:2      | Reached skill level 1 in Crossbows
   610 | D:2      | Reached skill level 1 in Throwing
   610 | D:2      | Reached skill level 1 in Armour
   610 | D:2      | Reached skill level 1 in Shields
   610 | D:2      | Reached skill level 1 in Unarmed Combat
   610 | D:2      | Reached skill level 1 in Spellcasting
   610 | D:2      | Reached XP level 4. HP: 22/38 MP: 4/6
   660 | D:2      | Found a burning altar of Makhleb.
  1227 | D:2      | Reached skill level 1 in Conjurations
  1227 | D:2      | Reached skill level 1 in Hexes
  1227 | D:2      | Reached skill level 1 in Charms
  1227 | D:2      | Reached skill level 1 in Summonings
  1227 | D:2      | Reached skill level 1 in Necromancy
  1227 | D:2      | Reached skill level 1 in Translocations
  1227 | D:2      | Reached skill level 1 in Transmutations
  1227 | D:2      | Reached skill level 1 in Fire Magic
  1227 | D:2      | Reached skill level 1 in Ice Magic
  1227 | D:2      | Reached skill level 1 in Air Magic
  1227 | D:2      | Reached skill level 1 in Earth Magic
  1227 | D:2      | Reached skill level 1 in Poison Magic
  1428 | D:3      | Found a basalt altar of Yredelemnul.
  1598 | D:3      | Reached ** piety under Trog
  1604 | D:3      | Reached XP level 5. HP: 43/43 MP: 7/7
  1669 | D:3      | Found a white marble altar of Elyvilon.
  1702 | D:3      | Reached XP level 6. HP: 13/50 MP: 8/8
  1747 | D:3      | Found a snail-covered altar of Cheibriados.
  2005 | D:3      | Found a glowing drain.
  2009 | Sewer    | Entered a sewer
  2414 | Sewer    | Reached skill level 5 in Fighting
  2414 | Sewer    | Reached skill level 5 in Dodging
  2417 | Sewer    | Reached XP level 7. HP: 50/56 MP: 8/10
  2999 | Sewer    | Reached *** piety under Trog
  3046 | D:3      | Noticed Sigmund
  3067 | D:3      | Killed Sigmund
  3466 | D:4      | You fall through a shaft for 3 floors!
  3748 | D:7      | Reached XP level 8. HP: 35/63 MP: 12/12
  3909 | D:7      | Got a pair of warped gloves
  3920 | D:7      | Identified the cursed -3 pair of gloves of the Trombone {MR- MP+9 Str+8} (You found it on level 7 of the Dungeon)
  3994 | D:7      | Got an ancient scale mail
  4005 | D:7      | Identified the cursed +0 scale mail of Dogmatism {*Contam +Inv MR+++ SInv} (You found it on level 7 of the Dungeon)
  4087 | D:7      | Slain by an orc warrior

Skill      XL: |  1  2  3  4  5  6  7 |
---------------+----------------------+-----
Stealth        | 6 |  6.7
Invocations    | 1 2 3 |  3.2
Short Blades   | 1 2 |  2.9
Long Blades    | 1 2 |  2.9
Axes           | 1 2 |  2.9
Maces & Flails | 1 2 |  2.9
Slings         | 1 2 |  2.9
Bows           | 1 2 |  2.9
Crossbows      | 1 2 |  2.9
Throwing       | 1 2 |  2.9
Armour         | 1 2 |  2.9
Shields        | 1 2 |  2.9
Unarmed Combat | 1 2 |  2.9
Spellcasting   | 1 2 |  2.9
Conjurations   | 1 2 |  2.3
Hexes          | 1 2 |  2.3
Charms         | 1 2 |  2.3
Summonings     | 1 2 |  2.3
Necromancy     | 1 2 |  2.3
Translocations | 1 2 |  2.3
Transmutations | 1 2 |  2.3
Fire Magic     | 1 2 |  2.3
Ice Magic      | 1 2 |  2.3
Air Magic      | 1 2 |  2.3
Earth Magic    | 1 2 |  2.3
Poison Magic   | 1 2 |  2.3
Polearms       | 3 |  3.9
Staves         | 3 |  3.9
Evocations     | 3 |  3.9
Fighting       | 5 |  5.4
Dodging        | 5 |  5.4

Action                   |  1- 3 |  4- 6 |  7- 9 || total
-------------------------+-------+-------+-------++-------
Melee: Spear             |    98 |   209 |    62 ||   369
       Bite              |    13 |    20 |     8 ||    41
       Punch             |       |     1 |       ||     1
       Whip              |       |       |    27 ||    27
       Scythe            |       |       |    31 ||    31
Invok: Berserk           |     1 |     2 |     1 ||     4
       Trog's Hand       |       |       |     1 ||     1
  Use: Scroll            |       |     4 |     1 ||     5
 Stab: Sleeping          |     5 |    14 |     3 ||    22
       Distracted        |       |     1 |       ||     1
  Eat: Chunk             |       |     7 |     3 ||    10
       Ration            |       |       |     2 ||     2
Armor: Robe              |     7 |       |       ||     7
       Leather armour    |     8 |     3 |       ||    11
       Scale mail        |       |    39 |    30 ||    69
Dodge: Dodged            |    56 |    77 |    59 ||   192
